 Dungeon Crawl Stone Soup version 0.25.0-9-g26727b657a (webtiles) character file.

Game seed: 11172450086562236773

182 Froggeryz the Shield-Bearer (level 5, 0/33 HPs)
             Began as a Gargoyle Monk on June 19, 2020.
             Slain by a killer bee (6 damage)
             ... on level 3 of the Dungeon.
             The game lasted 00:03:32 (3129 turns).

Froggeryz the Shield-Bearer (Gargoyle Monk)         Turns: 3129, Time: 00:03:32

Health: 0/33       AC: 10    Str: 16    XL:     5   Next: 62%
Magic:  5/5        EV: 12    Int: 10    God:
Gold:   126        SH:  0    Dex: 12    Spells: 4/4 levels left

rFire    . . .     SeeInvis .     - Unarmed
rCold    . . .     Gourm    .   (no shield)
rNeg     + + .     Faith    .   e - +0 leather armour
rPois    ∞         Spirit   .   (no helmet)
rElec    +         Reflect  .   c - +0 cloak
rCorr    .         Harm     .   (no gloves)
MR       .....     Rnd*Rage +   (no boots)
Stlth    ++........             (no amulet)
HPRegen  0.11/turn              g - ring of positive energy
MPRegen  0.09/turn              (no ring)

@: no status effects
A: molten scales 1, berserk 1, negative energy resistance 1, electricity
resistance, unbreathing, evolution 1, petrification resistance, rot immunity, AC
+4
a: no special abilities


You were on level 3 of the Dungeon.
You were near starving.

You visited 1 branch of the dungeon, and saw 3 of its levels.

You collected 126 gold pieces.

Inventory:

Armour
 c - a +0 cloak (worn)
 e - a +0 leather armour (worn)
 h - a +0 buckler
Jewellery
 g - a ring of positive energy (left hand)
 l - an uncursed ring of fire
Scrolls
 d - a scroll of remove curse
 f - 4 scrolls of identify
Comestibles
 b - 6 rations


   Skills:
 - Level 4.0 Fighting
 - Level 2.4 Dodging
 - Level 2.1 Stealth
 * Level 4.2 Shields
 - Level 4.0 Unarmed Combat


You had 4 spell levels left.
You didn't know any spells.
Your spell library was empty.

Dungeon Overview and Level Annotations

Branches:
Dungeon (3/15)

Altars:
Cheibriados
Gozag


Innate Abilities, Weirdness & Mutations

You are resistant to torment.
Your stone body is resilient. (AC +4)
You are immune to poison.
You resist negative energy. (rN+)
You are resistant to electric shocks. (rElec)
You can survive without breathing.
You are immune to petrification.
You are immune to rotting.
You are partially covered in molten scales. (AC +2)
You tend to lose your temper in combat.
You evolve.


Message History

The killer bee stings you.
* * * LOW HITPOINT WARNING * * *
The killer bee barely misses you.
You barely miss the killer bee.
The killer bee is severely wounded.
The killer bee stings you.
* * * LOW HITPOINT WARNING * * *
The killer bee barely misses you.
You hit the killer bee.
The killer bee is almost dead.
The killer bee stings you but does no damage.
The killer bee closely misses you.
You miss the killer bee.
The killer bee is almost dead.
The killer bee closely misses you.
You miss the killer bee.
The killer bee is almost dead.
The killer bee stings you but does no damage.
The killer bee stings you.
You die...

#.#.##.# #
#.#.##.## .#
#.#.#...###.#.#
#...........#.#
###.#...#####.#
#.##.## #.# #.##.#
#># #.##.######.#
######.##.y@.....#
#...........###..#
#.########..# #.##
#.# #..# #.#
#.########..# #.#
#........#.(###.##
#..#####.........#
#..## ###..####<#
#...# #..# #.##


You could see a killer bee.

Vanquished Creatures
  2 killer bees (D:3)
  3 gnolls (D:2)
  An adder (D:3)
  2 oozes
  A leopard gecko (D:2)
  7 bats
  2 giant cockroaches (D:1)
  5 hobgoblins
  7 jackals
  6 kobolds
  A quokka (D:2)
  A ball python (D:1)
  5 frilled lizards (D:1)
  3 goblins (D:1)
  A rat (D:1)
47 creatures vanquished.

Notes
Turn   | Place    | Note
-------+----------+-------------------------------------------
     0 | D:1      | Froggeryz the Gargoyle Monk began the quest for the Orb.
     0 | D:1      | Reached XP level 1. HP: 14/14 MP: 1/1
   113 | D:1      | Reached XP level 2. HP: 6/19 MP: 2/2
   812 | D:1      | Reached XP level 3. HP: 19/24 MP: 3/3
  1901 | D:2      | Reached skill level 1 in Shields
  1901 | D:2      | Reached XP level 4. HP: 15/29 MP: 4/4
  2220 | D:2      | Found a snail-covered altar of Cheibriados.
  2339 | D:2      | Found an opulent altar of Gozag.
  2522 | D:3      | Gained mutation: Armour fits poorly on your strangely
                  | shaped body. [potion of mutation]
  2522 | D:3      | Gained mutation: You tend to lose your temper in combat.
                  | [potion of mutation]
  2522 | D:3      | Gained mutation: You evolve. [potion of mutation]
  2522 | D:3      | Gained mutation: You are partially covered in molten
                  | scales. (AC +2) [potion of mutation]
  2526 | D:3      | Reached XP level 5. HP: 3/33 MP: 5/5
  2899 | D:1      | Lost mutation: Armour fits poorly on your strangely shaped
                  | body. [evolution]
  3129 | D:3      | Slain by a killer bee

Illustrated notes

Levels and vault maps discovered:
D:1:      evilmike_arrival_rings, layout_basic, nrook_campfire, eino_curves_02,
          minmay_misc_feat_plants
D:2:      layout_rooms, lemuel_doored_altar, nicolae_overflow_hidden_temple
D:3:      layout_loops_ring, grunt_dithmenos_smoke_and_mirrors, first_ration,
          uniq_grinder, uniq_crazy_yiuf_cottage, uniq_jessica, uniq_ijyb

Skill      XL: |  1  2  3  4  5 |
---------------+----------------+-----
Unarmed Combat | 4 |  4.0
Fighting       | 4 |  4.0
Shields        | 1 3 4 |  4.2
Dodging        | |  2.4
Stealth        | |  2.1

Action                   |  1- 3 |  4- 6 || total
-------------------------+-------+-------++-------
Melee: Unarmed           |   130 |    82 ||   212
       Punch             |     1 |     2 ||     3
  Use: Potion            |       |     4 ||     4
       Scroll            |       |     3 ||     3
 Stab: Sleeping          |     2 |     2 ||     4
  Eat: Chunk             |     3 |     2 ||     5
Armor: Robe              |    40 |    28 ||    68
       Leather armour    |       |    16 ||    16
Dodge: Dodged            |   106 |   100 ||   206
